 Dungeon Crawl Stone Soup version 0.27-a0-1193-g8631133 (webtiles) character file.

Game seed: 1483553344268025194

56911 Meow the Devastator (level 14, -8/132 HPs)
             Began as a Naga Venom Mage on May 25, 2021.
             Was the Champion of Okawaru.
             Mangled by a black mamba (12 damage)
             ... on level 4 of the Lair of Beasts.
             The game lasted 01:04:03 (17593 turns).

Meow the Devastator (Naga Venom Mage)              Turns: 17593, Time: 01:04:04

Health: -8/132     AC: 16    Str: 12    XL:     14   Next: 83%
Magic:  7/41       EV:  7    Int: 20    God:    Okawaru [******]
Gold:   3613       SH:  0    Dex: 15    Spells: 16/41 levels left

rFire    + . .     SeeInvis +   a - +6 short sword of Tenacity {venom, rN++ Dex+4}
rCold    + . .     Faith    +   (no shield)
rNeg     + + .     Spirit   .   n - +0 troll leather armour
rPois    +         Reflect  .   y - +1 helmet of the Trilobite {rC+ Regen+}
rElec    .         Harm     .   i - +0 cloak
rCorr    .         Rampage  .   (no gloves)
Will     +....                  O - +3 barding {rF+}
Stlth    ++........             k - amulet of faith
HPRegen  2.32/turn              L - ring of magical power
MPRegen  0.27/turn              (no ring)

@: lethally poisoned (-8 -> -9), very slightly contaminated, very slow
A: AC +4, large, see invisible, deformed body, poison resistance, slowness 2,
spit poison 1, naga tail 2
a: Spit Poison, Renounce Religion, Heroism, Finesse


You were on level 4 of the Lair of Beasts.
You worshipped Okawaru.
Okawaru was exalted by your worship.
You visited 4 branches of the dungeon, and saw 19 of its levels.
You also visited: Sewer and Volcano.

You collected 4173 gold pieces.
You spent 560 gold pieces at shops.

Inventory:

Hand Weapons
 a - the +6 short sword of Tenacity (weapon) {venom, rN++ Dex+4}
   (You found it on level 10 of the Dungeon)

   It poisons the flesh of those it strikes.
   It affects your dexterity (+4).
   It greatly protects you from negative energy.
 b - a +0 hand axe of electrocution
Missiles
 e - 196 bolts
 l - 150 arrows
 w - 455 stones (quivered)
 C - 79 sling bullets
 I - 5 throwing nets
 K - 2 curare-tipped darts
 Q - 5 boomerangs of dispersal
Armour
 c - a +0 helmet
 i - a +0 cloak (worn)
 n - a +0 troll leather armour (worn)
 s - a +0 robe of willpower
 y - the +1 helmet of the Trilobite (worn) {rC+ Regen+}
   (Okawaru gifted it to you on level 2 of the Lair of Beasts)

   It protects you from cold.
   It increases your rate of health regeneration.
 G - a +0 kite shield
 O - a +3 barding of fire resistance (worn)
 R - a +2 leather armour of fire resistance
Magical Staves
 h - a staff of poison
Jewellery
 k - an amulet of faith (around neck)
 B - an amulet of magic regeneration
 F - a ring of poison resistance
 H - a ring of flight
 L - a ring of magical power (left hand)
 T - a +6 ring of dexterity
Wands
 z - a wand of mindburst (22)
 D - a wand of flame (30)
Scrolls
 f - 2 scrolls of fear
 o - a scroll of immolation {unknown}
 p - 2 scrolls of identify
 t - 2 scrolls of amnesia
 v - a scroll of silence {unknown}
 E - 5 scrolls of fog
 J - 2 scrolls of magic mapping
 P - 2 scrolls of enchant weapon {unknown}
 U - a scroll of blinking {unknown}
Potions
 d - 4 potions of might
 g - 6 potions of curing
 j - 2 potions of degeneration {unknown}
 m - 4 potions of haste
 q - 3 potions of magic {unknown}
 r - 5 potions of flight
 u - 7 potions of brilliance {unknown}
 x - a potion of mutation {unknown}
 A - a potion of attraction {unknown}
 M - 2 potions of lignification {unknown}
 S - 2 potions of resistance {unknown}
Miscellaneous
 N - a tin of tremorstones (2/2)


   Skills:
 + Level 10.2 Fighting
 - Level 1.5 Dodging
 - Level 3.0 Stealth
 + Level 5.2 Shields
 - Level 14.0 Spellcasting
 + Level 15.9 Conjurations
 - Level 1.0 Transmutations
 - Level 4.0 Poison Magic


You had 16 spell levels left.
You knew the following spells:

 Your Spells              Type           Power      Damage    Failure   Level
a - Sting                 Tmut/Pois      96%        1d7       1%          1
b - Searing Ray           Conj           100%       3d7       0%          2
c - Mephitic Cloud        Conj/Pois/Air  40%        N/A       1%          3
g - Orb of Destruction    Conj           33%        9d12      7%          7
B - Iskenderun's Mystic   Conj/Tloc      45%        2d10      2%          4
C - Ignite Poison         Fire/Tmut/Pois 20%        N/A       9%          3
X - Iskenderun's Battles  Conj           67%        2d12      1%          5

Your spell library contained the following spells:

 Spells                   Type           Power      Damage    Failure   Level
 Magic Dart               Conj           100%       1d8       0%          1
 Shock                    Conj/Air       100%       1d9       1%          1
 Static Discharge         Conj/Air       45%        N/A       1%          2
 Dazzling Flash           Conj/Hex       90%        N/A       1%          3
 Stone Arrow              Conj/Erth      90%        3d12      1%          3
 Fulminant Prism          Conj/Hex       22%        3d13      2%          4
 Poisonous Vapours        Pois/Air       44%        N/A       3%          2
 Animate Skeleton         Necr           28%        N/A       6%          1
 Pain                     Necr           56%        1d6       6%          1
 Sandblast                Erth           28%        2d8       6%          1
 Lightning Bolt           Conj/Air       22%        1d38      6%          5
 Passwall                 Tmut/Erth      13%        N/A       7%          2
 Blink                    Tloc           N/A        N/A       9%          2
 Corpse Rot               Necr/Air       N/A        N/A       9%          2
 Olgreb's Toxic Radiance  Pois           30%        N/A       11%         4
 Confusing Touch          Hex            14%        N/A       17%         3
 Gell's Gravitas          Tloc           7%         N/A       17%         3
 Lesser Beckoning         Tloc           7%         N/A       17%         3
 Swiftness                Air            14%        N/A       17%         3
 Teleport Other           Tloc           14%        N/A       17%         3
 Vampiric Draining        Necr           7%         2d7       17%         3
 Bolt of Magma            Conj/Fire/Erth 17%        4d9       19%         5
 Iron Shot                Conj/Erth      22%        9d5       34%         6
 Petrify                  Tmut/Erth      16%        N/A       43%         4
 Airstrike                Air            7%         N/A       50%         4
 Animate Dead             Necr           7%         N/A       50%         4
 Hydra Form               Tmut           9%         N/A       71%         5
 Yara's Violent Unravell  Hex/Tmut       8%         3d5       78%         5
 Agony                    Necr           14%        N/A       85%         5
 Lee's Rapid Deconstruct  Erth           7%         3d7*      85%         5
 Manifold Assault         Tloc           14%        N/A       85%         5
 Metabolic Englaciation   Hex/Ice        7%         N/A       85%         5
 Summon Forest            Summ/Tloc      7%         N/A       85%         5
 Spellforged Servitor     Conj/Summ      22%        N/A       88%         7
 Eringya's Noxious Bog    Tmut/Pois      12%        N/A       97%         6
 Summon Hydra             Summ           7%         N/A       100%        7


Dungeon Overview and Level Annotations

Branches:
Dungeon (12/15)            Temple (1/1) D:4            Lair (4/6) D:8
  Swamp (0/4) Lair:2        Snake (0/4) Lair:3          Orc (2/2) D:12
    Elf (0/3) Orc:2         Sewer (visited)         Volcano (visited)

Altars:
Ashenzari
Cheibriados
Dithmenos
Fedhas
Gozag
Hepliaklqana
Kikubaaqudgha
Makhleb
Nemelex Xobeh
Okawaru
Qazlal
Sif Muna
Vehumet
Wu Jian
Yredelemnul
Beogh

Shops:
Orc:2 ([=*

Annotations:
D:2 1 runed translucent door, Crazy Yiuf


Innate Abilities, Weirdness & Mutations

Your serpentine skin is tough. (AC +4)
You have supernaturally acute eyesight. (SInv)
Armour fits poorly on your strangely shaped body.
Your system is resistant to poisons. (rPois)
You cover ground very slowly.
You can spit poison.
You can use your snake-like lower body to constrict enemies.


Message History

The komodo dragon hisses angrily.
You hit the komodo dragon but do no damage.
The komodo dragon is poisoned.
You grab the komodo dragon.
You constrict the komodo dragon, but do no damage.
The komodo dragon bites you!!
The black mamba bites you but does no damage.
The komodo dragon bites you!!
You hit the komodo dragon.
The komodo dragon looks as sick as possible!
The komodo dragon is lightly wounded.
You constrict the komodo dragon. The black mamba bites you.
The black mamba closely misses you. The komodo dragon bites you!!
You completely miss the komodo dragon.
The komodo dragon is moderately wounded.
You constrict the komodo dragon, but do no damage.
The black mamba bites you. The black mamba bites you!
You are poisoned.
The black mamba poisons you! The komodo dragon bites you.
Casting: Orb of Destruction (dangerous; 7% risk of failure)
Confirm with . or Enter, or press ? or * to list all spells.
Aiming: Orb of Destruction (dangerous; 7% risk of failure)
Press: ? - help, Shift-Dir - straight line, f - komodo dragon
Aim: a komodo dragon (moderately wounded, constricted by you, extremely poisoned)
You miscast Orb of Destruction.
You are very lightly contaminated with residual magic.
You feel a strange surge of energy!
You constrict the komodo dragon.
You feel very sick.
The black mamba bites you but does no damage.
The black mamba barely misses you. The komodo dragon bites you!!
* * * LOW HITPOINT WARNING * * *
Unknown command.
You hit the komodo dragon.
The komodo dragon looks as sick as possible!
The komodo dragon is heavily wounded.
You constrict the komodo dragon, but do no damage.
You feel very sick. The black mamba bites you!
* * * LOW HITPOINT WARNING * * *
The black mamba bites you!
You die...

.................P........
....................#....
..##...#..#.......[...P.
##....#...#...........≈
#.....#.8....... ..≈≈≈
#P.............. ..≈≈≈
.#####.....#...... .≈≈≈≈
^.........##...... .≈≈≈≈
....8...@S# ..... .≈≈≈≈
#.......l#....... .≈≈≈≈
#.8...8.#.....P.. .≈≈≈≈
#.......#.....#. ..≈≈≈
....8....###.... ...≈.
......... ##.. .....
.###..##. .# ..... ..#
.#..#


You could see a komodo dragon (extremely poisoned) and a black mamba.

Vanquished Creatures
  Jorgrun (Orc:2)
  Gastronok (Lair:3)
  Frances (D:12)
  An orc warlord (Orc:2)
  A stone giant (Volcano)
  Snorg (D:10)
  Fannar (D:12)
  A boulder beetle (Lair:2)
  A catoblepas (Lair:3)
  5 hydras
  Harold (Orc:1)
  A centaur warrior (D:12)
  2 two-headed ogres
  An orc high priest (Orc:2)
  5 death yaks
  Urug (Orc:2)
  A wizard (D:12)
  4 orc knights (Orc:2)
  Pikel (D:8)
  An oklob plant (Lair:4)
  2 black mambas (Lair:1)
  3 orc sorcerers (Orc:2)
  2 centaur zombies (D:11)
  2 cyclopes
  Joseph (D:10)
  A gargoyle (Volcano)
  2 torpor snails
  13 cane toads
  A kobold demonologist (D:9)
  A rime drake (Lair:1)
  5 komodo dragons
  An efreet (Volcano)
  A tengu conjurer (D:12)
  2 polar bears
  5 trolls
  A tyrant leech (Lair:2)
  2 hornets
  5 blink frogs (Lair:4)
  A spriggan (shapeshifter) (D:12)
  A shadow (D:11)
  A redback (D:12)
  2 wraiths
  5 fire bats (Volcano)
  52 yaks
  3 wyverns
  2 fire elementals (Volcano)
  4 basilisks
  A steam dragon (D:6)
  A swamp worm (Lair:2)
  A warg (Orc:2)
  A naga (Lair:3)
  13 water moccasins
  2 acid dragons
  23 orc warriors
  An ice beast (D:7)
  2 sky beasts
  2 black bears
  7 ogres
  9 wolves
  3 centaurs
  3 lemures
  2 phantoms
  7 kobold brigands
  10 bullfrogs
  2 gnoll sergeants
  3 earth elementals (Volcano)
  A water moccasin skeleton (D:5)
  5 killer bees (D:10)
  11 wights
  A jelly (D:4)
  6 lava snakes (Volcano)
  4 howler monkeys
  A centaur skeleton (D:6)
  13 orc priests
  7 hounds
  3 bullfrog skeletons
  4 iguanas
  Jessica (D:3)
  A gnoll shaman (D:7)
  19 orc wizards
  2 hound zombies (D:5)
  15 gnolls
  10 adders
  A river rat (Sewer)
  2 shadow imps (D:9)
  An adder zombie (D:5)
  4 worms
  A dart slug (D:5)
  64 orcs
  11 ball pythons
  8 bats
  7 endoplasms
  5 giant cockroaches
  14 goblins
  9 hobgoblins
  11 jackals
  3 quokkas
  5 frilled lizards
  44 kobolds
  8 kobold skeletons (D:9)
  8 kobold zombies (D:9)
  9 rats
  A butterfly (Lair:2)
566 creatures vanquished.

Vanquished Creatures (others)
  An orc (D:12)
  13 fungi
  31 plants
45 creatures vanquished.

Grand Total: 611 creatures vanquished

Notes
Turn   | Place    | Note
-------+----------+-------------------------------------------
     0 | D:1      | Meow the Naga Venom Mage began the quest for the Orb.
     0 | D:1      | Reached XP level 1. HP: 15/15 MP: 3/3
     2 | D:1      | Noticed an electric eel
   211 | D:1      | Reached skill level 1 in Conjurations
   211 | D:1      | Reached XP level 2. HP: 17/22 MP: 1/5
   593 | D:1      | Reached XP level 3. HP: 28/28 MP: 4/6
   610 | D:1      | Learned a level 3 spell: Mephitic Cloud
   614 | D:1      | Learned a level 3 spell: Ignite Poison
   690 | D:1      | Found a faded altar of an unknown god.
   891 | D:2      | Reached skill level 2 in Conjurations
  1125 | D:2      | Reached XP level 4. HP: 36/36 MP: 6/8
  1548 | D:2      | Found a runed translucent door.
  1549 | D:2      | Noticed Crazy Yiuf
  2072 | D:3      | Reached skill level 3 in Conjurations
  2105 | D:3      | Reached XP level 5. HP: 42/42 MP: 10/10
  2155 | D:3      | Noticed a sky beast
  2176 | D:3      | Killed a sky beast
  2177 | D:3      | Reached XP level 6. HP: 41/49 MP: 8/12
  2182 | D:3      | Reached skill level 4 in Conjurations
  2360 | D:3      | Noticed Jessica
  2367 | D:3      | Killed Jessica
  3057 | D:4      | Found a staircase to the Ecumenical Temple.
  3070 | Temple   | Entered the Ecumenical Temple
  3075 | Temple   | Became a worshipper of Warmaster Okawaru
  3198 | D:4      | Reached XP level 7. HP: 42/55 MP: 14/14
  3266 | D:4      | Reached skill level 5 in Spellcasting
  3266 | D:4      | Reached skill level 5 in Conjurations
  3809 | D:5      | Entered Level 5 of the Dungeon
  3913 | D:5      | Reached * piety under Okawaru
  3981 | D:5      | Noticed a yak
  3983 | D:5      | Noticed a yak
  3984 | D:5      | Noticed a yak
  3985 | D:5      | Noticed a yak
  3994 | D:5      | Killed a yak
  3994 | D:5      | Killed a yak
  3994 | D:5      | Reached ** piety under Okawaru
  3994 | D:5      | Killed a yak
  3995 | D:5      | Reached skill level 7 in Conjurations
  3995 | D:5      | Reached XP level 8. HP: 38/62 MP: 7/17
  3996 | D:5      | Killed a yak
  4076 | D:5      | Reached skill level 8 in Conjurations
  4076 | D:5      | Reached skill level 1 in Fighting
  4193 | D:5      | Reached *** piety under Okawaru
  4194 | D:5      | Reached XP level 9. HP: 67/78 MP: 12/18
  4197 | D:5      | Learned a level 2 spell: Searing Ray
  4216 | D:5      | Learned a level 4 spell: Iskenderun's Mystic Blast
  4420 | D:5      | Reached skill level 5 in Fighting
  5010 | D:6      | Found a glowing drain.
  5014 | Sewer    | Entered a sewer
  5102 | Sewer    | Found a white marble altar of Elyvilon.
  5861 | D:7      | Reached **** piety under Okawaru
  6218 | D:7      | Learned a level 5 spell: Iskenderun's Battlesphere
  6274 | D:8      | Reached XP level 10. HP: 83/96 MP: 4/20
  6275 | D:8      | Noticed Pikel
  6275 | D:8      | Noticed a two-headed ogre
  6303 | D:7      | Reached skill level 9 in Conjurations
  6582 | D:8      | Noticed a death yak
  6582 | D:8      | Noticed a death yak
  6610 | D:7      | Killed a death yak
  7054 | D:7      | Killed a two-headed ogre
  7054 | D:7      | Reached ***** piety under Okawaru
  7134 | D:8      | Killed Pikel
  7134 | D:8      | Received a gift from Okawaru
  7135 | D:8      | Reached skill level 10 in Conjurations
  7544 | D:8      | Found a staircase to the Lair.
  7556 | D:8      | Noticed a death yak
  7579 | D:8      | Killed a death yak
  7579 | D:8      | Received a gift from Okawaru
  7580 | D:8      | Reached XP level 11. HP: 72/103 MP: 15/24
  7812 | D:8      | Killed a death yak
  7813 | D:8      | Reached skill level 11 in Conjurations
  8497 | D:9      | Received a gift from Okawaru
  8785 | D:9      | Reached skill level 10 in Spellcasting
  8869 | D:9      | Found an ancient bone altar of Kikubaaqudgha.
  9150 | D:9      | Noticed a two-headed ogre
  9160 | D:9      | Killed a two-headed ogre
  9172 | D:9      | Learned a level 7 spell: Orb of Destruction
  9210 | D:10     | Entered Level 10 of the Dungeon
  9328 | D:10     | Noticed Joseph
  9364 | D:10     | Killed Joseph
  9769 | D:10     | Found an ornate altar of the Wu Jian Council.
  9880 | D:10     | Reached skill level 12 in Conjurations
  9975 | D:10     | Noticed Snorg
  9983 | D:10     | Killed Snorg
 10200 | D:10     | Identified the +6 short sword of Tenacity {venom, rN++
                  | Dex+4}
 10448 | D:11     | Reached XP level 12. HP: 109/110 MP: 26/26
 10900 | D:11     | Received a gift from Okawaru
 11188 | D:12     | Noticed Frances
 11203 | D:12     | Killed Frances
 11204 | D:12     | Reached skill level 13 in Conjurations
 11290 | D:12     | Noticed a centaur warrior
 11290 | D:12     | Noticed Fannar
 11290 | D:12     | Noticed a centaur warrior
 11302 | D:12     | Killed a centaur warrior
 11309 | D:12     | Noticed an ogre mage
 11316 | D:12     | Killed Fannar
 11318 | D:12     | Noticed a death knight
 11398 | D:12     | Found a staircase to the Orcish Mines.
 11457 | Orc:1    | Entered Level 1 of the Orcish Mines
 11469 | Orc:1    | Noticed Harold
 11535 | Orc:1    | Killed Harold
 11605 | Orc:1    | Received a gift from Okawaru
 11803 | Orc:1    | Identified 2 scrolls of acquirement
 11805 | Orc:1    | Acquired 1222 gold pieces
 11806 | Orc:1    | Acquired 1148 gold pieces
 11830 | Orc:2    | Entered Level 2 of the Orcish Mines
 12081 | Orc:2    | Noticed an orc high priest
 12085 | Orc:2    | Killed an orc high priest
 12086 | Orc:2    | Reached skill level 14 in Conjurations
 12086 | Orc:2    | Gained mutation: You can use your snake-like lower body to
                  | constrict enemies. [Naga growth]
 12086 | Orc:2    | Reached XP level 13. HP: 105/117 MP: 25/29
 12273 | Orc:2    | Noticed an orc warlord
 12418 | Orc:2    | Found a staircase to the Elven Halls.
 12577 | Orc:2    | Noticed Urug
 12592 | Orc:2    | Killed Urug
 12640 | Orc:2    | Killed an orc warlord
 12766 | Orc:2    | Found Anodijoc's Antique Weapon Shop.
 12776 | Orc:2    | Found Plog's Antique Armour Shop.
 12782 | Orc:2    | Found Amicwuig's General Store.
 12897 | Orc:2    | Noticed Jorgrun
 12901 | Orc:2    | Killed Jorgrun
 12901 | Orc:2    | Received a gift from Okawaru
 12902 | Orc:2    | Reached skill level 15 in Conjurations
 13013 | Orc:2    | Found Maic's Jewellery Shop.
 13020 | Orc:2    | Bought an amulet of faith for 560 gold pieces
 13479 | Lair:1   | Entered Level 1 of the Lair of Beasts
 13493 | Lair:1   | Reached skill level 1 in Shields
 13540 | Lair:1   | Reached ****** piety under Okawaru
 14397 | Lair:2   | Identified the +1 helmet of the Trilobite {rC+ Regen+}
                  | (Okawaru gifted it to you on level 2 of the Lair of Beasts)
 14397 | Lair:2   | Received a gift from Okawaru
 14507 | Lair:2   | Reached XP level 14. HP: 88/127 MP: 4/31
 15229 | Lair:2   | Found a staircase to the Swamp.
 15624 | Lair:3   | Found a dark tunnel.
 15633 | Volcano  | Entered a volcano
 15923 | Volcano  | Found a burning altar of Makhleb.
 16147 | Volcano  | Noticed a stone giant
 16152 | Volcano  | Killed a stone giant
 16402 | Lair:3   | Found a staircase to the Snake Pit.
 16878 | Lair:3   | Received a gift from Okawaru
 17045 | Lair:3   | Noticed Gastronok
 17067 | Lair:3   | Killed Gastronok
 17386 | Lair:4   | Reached skill level 10 in Fighting
 17470 | Lair:4   | Reached skill level 5 in Shields
 17593 | Lair:4   | HP: 4/132 [black mamba (11)]
 17593 | Lair:4   | Mangled by a black mamba

Illustrated notes

Levels and vault maps discovered:
D:1:      arrival_aquarium_a, layout_rooms,
          hellmonk_ecumenical_altar_prayer_group, minmay_misc_feat_tiny
D:2:      layout_loops_ring, uniq_crazy_yiuf_cottage
D:3:      layout_rooms, minmay_divided_ellipse, uniq_jessica
D:4:      layout_gridville, minmay_temple_entry_junction_2, cheibrodos_gnoll_hut
D:5:      layout_basic, chequers_serial_rivers_small_b
D:6:      layout_loops_ring, gup_sewer_entry_bowl, minmay_misc_feat_cross,
          chequers_serial_rivers_small_a
D:7:      layout_layer_cave
D:8:      layout_cave_pools, dpeg_lair_monsters, kb_lookout_dungeons_type,
          lemuel_flamethrower_2, uniq_pikel
D:9:      wander_kiku_kobolds, layout_irregular_city, grunt_ministairs_14
D:10:     layout_irregular_city, pdpol_wu_jian_five_deadly_venoms, uniq_joseph,
          uniq_snorg
D:11:     layout_cave_pods
D:12:     layout_roguey, david_orc_4, library_closet, minivault_28,
          uniq_frances, uniq_fannar
Temple:   dpeg_three_leaves_temple
Lair:1:   layout_small_grid, infiniplex_staircase_pool_2
Lair:2:   layout_chaotic_city, palyth_hydra_swamp_entry, lemuel_fruit_fields
Lair:3:   layout_small_grid, guppyfry_snake_entry_garden,
          nicolae_volcano_entry_hallway, lemuel_fruit_tree, uniq_gastronok
Lair:4:   layout_hall_layers, gammafunk_ghost_split, minmay_lair_oklob_chamber,
          infiniplex_staircase_pool, grunt_megastairs_4
Orc:1:    layout_caves, nicolae_orc_lava_room, uniq_harold
Orc:2:    grunt_orc_cross, layout_diamond_mine, nicolae_orc_stony_grotto,
          uniq_jorgrun

Skill      XL: |  1  2  3  4  5  6  7  8  9 10 11 12 13 14 |
---------------+-------------------------------------------+-----
Conjurations   | 1 2 3 4 7 8 10 12 14 15 | 15.9
Spellcasting   | 3 4 6 9 10 12 13 14 | 14.0
Fighting       | 4 7 8 10 | 10.2
Shields        | 2 5 |  5.2
Dodging        | |  1.5
Stealth        | |  3.0
Transmutations | |  1.0
Poison Magic   | |  4.0

Action                   |  1- 3 |  4- 6 |  7- 9 | 10-12 | 13-15 || total
-------------------------+-------+-------+-------+-------+-------++-------
Melee: Club              |    11 |       |       |       |       ||    11
       Mace              |     3 |    37 |       |       |       ||    40
       Dagger            |       |    78 |   104 |   158 |       ||   340
       Hand axe          |       |       |   107 |    33 |       ||   140
       Short sword       |       |       |       |    94 |   286 ||   380
       Constrict         |       |       |       |       |    64 ||    64
Throw: Stone             |       |       |     1 |     3 |       ||     4
 Cast: Sting             |    38 |    35 |     4 |     6 |       ||    83
       Mephitic Cloud    |       |     8 |    30 |    69 |     9 ||   116
       Ignite Poison     |       |       |    20 |    32 |     5 ||    57
       Searing Ray       |       |       |       |    39 |     2 ||    41
       Iskenderun's Batt |       |       |       |    18 |       ||    18
       Iskenderun's Myst |       |       |       |     8 |     1 ||     9
       Orb of Destructio |       |       |       |    11 |   148 ||   159
 Abil: Spit Poison       |    34 |    38 |    21 |    40 |     1 ||   134
Evoke: Wand              |       |       |       |       |     5 ||     5
  Use: Scroll            |     1 |     2 |     5 |    10 |     1 ||    19
       Potion            |       |     1 |     1 |     3 |     1 ||     6
 Stab: Confused          |       |     1 |     2 |     1 |     2 ||     6
       Sleeping          |       |       |     6 |     1 |       ||     7
Armor: Robe              |    18 |    75 |   128 |   159 |       ||   380
       Troll leather arm |       |       |       |   112 |   219 ||   331
Dodge: Dodged            |    13 |    53 |    96 |   167 |   155 ||   484

Table legend: (Time is in decaauts)
 A = Elapsed time spent in this place.
 B = Non-inter-level travel time spent in this place.
 C = Inter-level travel time spent in this place.
 D = Time resting spent in this place.
 E = Time spent auto-exploring this place.
 F = Levels seen in this place.
 G = Mean time per level.
                   A        B        C        D        E       F      G
               +--------+--------+--------+--------+--------+-----+--------+
         Total |  22543 |  21456 |   1087 |   3366 |  12803 |  21 | 1073.5 |
       Dungeon |  14814 |  13988 |    826 |   1936 |   8540 |  12 | 1234.5 |
        Temple |     14 |     14 |      0 |      0 |      0 |   1 |   14.0 |
          Lair |   4399 |   4259 |    140 |    609 |   2659 |   4 | 1099.8 |
  Orcish Mines |   2293 |   2174 |    119 |    368 |   1255 |   2 | 1146.5 |
         Sewer |    228 |    228 |      0 |      0 |    148 |   1 |  228.0 |
       Volcano |    792 |    792 |      0 |    452 |    200 |   1 |  792.0 |
               +--------+--------+--------+--------+--------+-----+--------+

Top non-repeatable levels by time:
   Orc:2: 1918 daAuts
  Lair:2: 1730 daAuts
     D:7: 1681 daAuts
     D:8: 1549 daAuts
     D:2: 1486 daAuts
     D:4: 1428 daAuts
     D:9: 1414 daAuts
    D:10: 1330 daAuts
  Lair:3: 1321 daAuts
    D:11: 1259 daAuts
     D:3: 1138 daAuts
     D:6: 1024 daAuts
     D:1: 966 daAuts
  Lair:1: 965 daAuts
     D:5: 964 daAuts
